 Dungeon Sprint DCSS version 0.27-a0-1590-g15f69828bf (webtiles) character file.

Game seed: 8653060357761217045

523684 mhtbhm the End of an Era (level 20, 101/157 HPs)
             Began as a Gargoyle Fighter on July 18, 2021.
             Was the Champion of Qazlal.
             Escaped with the Orb!
             The game lasted 00:17:30 (3363 turns).

mhtbhm the End of an Era (Gargoyle Fighter)         Turns: 3363, Time: 00:17:31

Health: 101/157    AC: 69    Str: 41    XL:     20   Next: 94%
Magic:  18/37      EV:  8    Int: 15    God:    Qazlal [******]
Gold:   0          SH: 51    Dex: 12    Spells: 19/19 levels left

rFire    + . .     SeeInvis .   a - +11 lance "Wyrmbane" {slay drac, rPois rF+ rC+ AC+3}
rCold    + . .     Faith    .   c - +18 shield of the Gong {rElec rN+ Will+ EV-5}
rNeg     + + +     Spirit   .   b - +15 Maxwell's patent armour {-Cast -Tele rElec Will+ rCorr}
rPois    ∞         Reflect  +   A - +1 helmet {Int+3}
rElec    +         Harm     .   G - +0 cloak "Kuoph" {rPois}
rCorr    +         Rampage  .   M - +1 pair of gloves {Dex+3}
Will     +++..     NoTele   +   N - +3 pair of boots of Fashionability {Int+3} Stlth ..........NoCast +
                                w - amulet "Mudeykud" {Reflect rPois rN+ SH+5}
HPRegen  0.36/turn              B - +6 ring of strength
MPRegen  0.25/turn              C - +6 ring of strength

@: flying, studying 5 skills, repel missiles
A: sickness immunity, AC +15, big wings, negative energy resistance 1,
electricity resistance, torment resistance 1, petrification resistance
0: Orb of Zot
a: Renounce Religion, Upheaval, Elemental Force, Disaster Area


You escaped.
You worshipped Qazlal.
Qazlal was exalted by your worship.
You visited 1 branch

Inventory:

Hand Weapons
 a - the +11 lance "Wyrmbane" (weapon) {slay drac, rPois rF+ rC+ AC+3}
   (You found it in the Dungeon)

   It inflicts extra damage against dragons and draconians.
   AC:        It affects your AC (+3).
   rF:        It protects you from fire.
   rC:        It protects you from cold.
   rPois:     It protects you from poison.
Armour
 b - the +15 Maxwell's patent armour (worn) {-Cast -Tele rElec Will+ rCorr}
   (You found it in the Dungeon)

   rElec:     It insulates you from electricity.
   -Cast:     It prevents spellcasting.
   -Tele:     It prevents most forms of teleportation.
   rCorr:     It protects you from acid and corrosion.
   Will:      It increases your willpower.
 c - the +18 shield of the Gong (worn) {rElec rN+ Will+ EV-5}
   (You found it in the Dungeon)

   It is deafeningly noisy when blocking attacks.
   EV:        It affects your evasion (-5).
   rElec:     It insulates you from electricity.
   rN:        It protects you from negative energy.
   Will:      It increases your willpower.
 A - a +1 helmet of intelligence (worn)
 G - the +0 cloak "Kuoph" (worn) {rPois}
   (You found it in the Dungeon)

   rPois:     It protects you from poison.
 M - a +1 pair of gloves of dexterity (worn)
 N - the +3 pair of boots of Fashionability (worn) {Int+3}
   (You found it in the Dungeon)

   Int:       It affects your intelligence (+3).
Jewellery
 w - the amulet "Mudeykud" (around neck) {Reflect rPois rN+ SH+5}
   (You found it in the Dungeon)

   [amulet of reflection]

   It reflects blocked missile attacks.
   rPois:     It protects you from poison.
   rN:        It protects you from negative energy.
   SH:        It affects your SH (+5).
 B - a +6 ring of strength (left hand)
 C - a +6 ring of strength (right hand)
 F - a +6 ring of dexterity
 H - the amulet "Soel" {Reflect rElec Slay+3 SH+5}
   (You found it in the Dungeon)

   [amulet of reflection]

   It reflects blocked missile attacks.
   Slay:      It affects your accuracy & damage with ranged weapons and melee
   (+3).
   rElec:     It insulates you from electricity.
   SH:        It affects your SH (+5).
Wands
 t - a wand of mindburst (7)
 u - a wand of iceblast (3)
 v - a wand of acid (5)
Scrolls
 j - 4 scrolls of blinking
 o - 4 scrolls of amnesia
 p - 7 scrolls of fog
 q - a scroll of holy word
 r - 5 scrolls of identify
 s - 2 scrolls of fear
 D - 5 scrolls of brand weapon
Potions
 d - 5 potions of might
 e - 10 potions of curing
 f - 17 potions of heal wounds
 g - 22 potions of haste
 h - 7 potions of magic
 i - a potion of berserk rage
 k - 2 potions of brilliance
 l - 2 potions of invisibility
 m - 4 potions of resistance
Miscellaneous
 x - a piece from Xom's chessboard (15/15)
 y - a phantom mirror
 z - a condenser vane
 E - a tin of tremorstones (2/2)
 J - a box of beasts


   Skills:
 O Level 27 Fighting
 + Level 0.2(0.4) Short Blades
 + Level 0.4(0.5) Long Blades
 + Level 0.8(16.2) Axes
 + Level 0.3(0.9) Maces & Flails
 + Level 23.5 Polearms
 + Level 0.6(17.4) Staves
 + Level 0.4(0.6) Slings
 + Level 0.5 Bows
 + Level 0.5 Crossbows
 + Level 0.4(0.6) Throwing
 O Level 27 Armour
 + Level 9.8 Dodging
 + Level 6.9 Stealth
 O Level 27 Shields
 + Level 0.3 Unarmed Combat
 + Level 0.2 Spellcasting
 + Level 1.1 Conjurations
 + Level 0.2 Hexes
 + Level 0.4 Summonings
 + Level 0.3 Necromancy
 + Level 0.2 Translocations
 + Level 0.2 Transmutations
 + Level 0.7 Fire Magic
 + Level 0.3 Ice Magic
 + Level 0.2 Air Magic
 + Level 0.4 Earth Magic
 + Level 0.3 Poison Magic
 O Level 27 Invocations
 + Level 25.8 Evocations


You had 19 spell levels left.
You didn't know any spells.
Your spell library contained the following spells:

 Spells                   Type           Power      Damage    Failure   Level
 Foxfire                  Conj/Fire      8%         2x1d4     36%         1
 Animate Skeleton         Necr           2%         N/A       43%         1
 Sandblast                Erth           2%         2d4       43%         1
 Summon Small Mammal      Summ           4%         N/A       43%         1
 Apportation              Tloc           2%         N/A       45%         1
 Beastly Appendage        Tmut           0%         N/A       45%         1
 Corona                   Hex            1%         N/A       45%         1
 Freeze                   Ice            4%         1d3       45%         1
 Sting                    Tmut/Pois      4%         1d3       45%         1
 Static Discharge         Conj/Air       2%         N/A       54%         2
 Blink                    Tloc           N/A        N/A       58%         2
 Passwall                 Tmut/Erth      0%         N/A       58%         2
 Poisonous Vapours        Pois/Air       2%         N/A       58%         2
 Slow                     Hex            1%         N/A       58%         2
 Wereblood                Tmut           0%         N/A       61%         2
 Conjure Flame            Conj/Fire      2%         6-21      75%         3
 Dazzling Flash           Conj/Hex       4%         N/A       77%         3
 Stone Arrow              Conj/Erth      4%         3d7       77%         3
 Call Canine Familiar     Summ           1%         N/A       80%         3
 Inner Flame              Hex/Fire       1%         N/A       80%         3
 Mephitic Cloud           Conj/Pois/Air  1%         N/A       80%         3
 Ignite Poison            Fire/Tmut/Pois 1%         N/A       82%         3
 Summon Guardian Golem    Hex/Summ       1%         N/A       82%         3
 Vampiric Draining        Necr           0%         2d6       82%         3
 Confusing Touch          Hex            1%         N/A       83%         3
 Frozen Ramparts          Ice            2%         1d2       83%         3
 Gell's Gravitas          Tloc           0%         N/A       83%         3
 Lesser Beckoning         Tloc           0%         N/A       83%         3
 Ozocubu's Armour         Ice            1%         N/A       83%         3
 Portal Projectile        Hex/Tloc       2%         N/A       83%         3
 Spider Form              Tmut/Pois      0%         N/A       83%         3
 Teleport Other           Tloc           1%         N/A       83%         3
 Tukima's Dance           Hex            1%         N/A       83%         3
 Sticky Flame             Conj/Fire      2%         2d3       98%         4
 Airstrike                Air            0%         N/A       99%         4
 Animate Armour           Summ/Erth      2%         N/A       99%         4
 Animate Dead             Necr           0%         N/A       99%         4
 Cause Fear               Hex            0%         N/A       99%         4
 Dispel Undead            Necr           1%         3d6       99%         4
 Hailstorm                Conj/Ice       2%         3d3       99%         4
 Ice Form                 Ice/Tmut       1%         N/A       99%         4
 Leda's Liquefaction      Hex/Erth       0%         N/A       99%         4
 Passage of Golubria      Tloc           N/A        N/A       99%         4
 Petrify                  Tmut/Erth      1%         N/A       99%         4
 Summon Ice Beast         Ice/Summ       1%         N/A       99%         4
 Summon Lightning Spire   Summ/Air       1%         N/A       99%         4
 Alistair's Intoxication  Tmut/Pois      0%         N/A       100%        5
 Blade Hands              Tmut           0%         N/A       100%        5
 Bolt of Magma            Conj/Fire/Erth 1%         4d4       100%        5
 Borgnjor's Vile Clutch   Necr/Erth      0%         N/A       100%        5
 Excruciating Wounds      Necr           0%         N/A       100%        5
 Fireball                 Conj/Fire      1%         3d3       100%        5
 Freezing Cloud           Conj/Ice/Air   0%         6-21      100%        5
 Irradiate                Conj/Tmut      1%         3d14      100%        5
 Iskenderun's Battlesphe  Conj           3%         2d6       100%        5
 Lee's Rapid Deconstruct  Erth           0%         3d5*      100%        5
 Lightning Bolt           Conj/Air       1%         1d12      100%        5
 Manifold Assault         Tloc           1%         N/A       100%        5
 Metabolic Englaciation   Hex/Ice        0%         N/A       100%        5
 Silence                  Hex/Air        0%         N/A       100%        5
 Summon Forest            Summ/Tloc      0%         N/A       100%        5
 Summon Mana Viper        Hex/Summ       1%         N/A       100%        5
 Yara's Violent Unravell  Hex/Tmut       0%         3d3       100%        5
 Conjure Ball Lightning   Conj/Air       1%         3x3d6     100%        6
 Dispersal                Tloc           0%         N/A       100%        6
 Eringya's Noxious Bog    Tmut/Pois      0%         N/A       100%        6
 Invisibility             Hex            0%         N/A       100%        6
 Iron Shot                Conj/Erth      1%         9d1       100%        6
 Shadow Creatures         Summ           N/A        N/A       100%        6
 Simulacrum               Ice/Necr       0%         N/A       100%        6
 Starburst                Conj/Fire      1%         8x6d3     100%        6
 Dragon Form              Tmut           0%         N/A       100%        7
 Haunt                    Necr/Summ      0%         N/A       100%        7
 Malign Gateway           Summ/Tloc      0%         N/A       100%        7
 Monstrous Menagerie      Summ           0%         N/A       100%        7
 Orb of Destruction       Conj           1%         N/A       100%        7
 Ozocubu's Refrigeration  Ice            0%         4d5       100%        7
 Spellforged Servitor     Conj/Summ      1%         N/A       100%        7
 Storm Form               Tmut/Air       0%         N/A       100%        7
 Summon Hydra             Summ           0%         N/A       100%        7
 Discord                  Hex            0%         N/A       100%        8
 Disjunction              Tloc           0%         N/A       100%        8
 Ignition                 Fire           1%         3d3       100%        8
 Infestation              Necr           0%         N/A       100%        8
 Lehudib's Crystal Spear  Conj/Erth      1%         10d2      100%        8
 Maxwell's Capacitive Co  Air            0%         ∞         100%        8
 Necromutation            Tmut/Necr      0%         N/A       100%        8
 Chain Lightning          Conj/Air       1%         3d1       100%        9
 Death's Door             Necr           0%         N/A       100%        9
 Dragon's Call            Summ           0%         N/A       100%        9
 Fire Storm               Conj/Fire      1%         7d1       100%        9
 Polar Vortex             Ice            0%         N/A       100%        9
 Statue Form              Tmut/Erth      Unusable   N/A       N/A         6

Dungeon Overview and Level Annotations

Branches:
Dungeon (1/1)

Altars:
Ashenzari
Cheibriados
Dithmenos
Elyvilon
Fedhas
Gozag
Hepliaklqana
Kikubaaqudgha
Makhleb
Nemelex Xobeh
Okawaru
Qazlal
Ru
Sif Muna
Trog
Uskayaw
Vehumet
Wu Jian
Xom
Yredelemnul
Zin
The Shining One
Beogh
Jiyva
Lugonu


Innate Abilities, Weirdness & Mutations

You are immune to sickness and miasma.
Your stone body is resilient. (AC +15)
You are immune to poison.
Your large and strong wings let you fly.
You resist negative energy. (rN+)
You are resistant to electric shocks. (rElec)
You are resistant to unholy torment.
You are immune to petrification.


Message History

No target in view!
No target in view!
No target in view!
No target in view!
No target in view!
No target in view!
No target in view!
No target in view!
No target in view!
No target in view!
Things that are here:
+0 ice dragon scales; an ice dragon corpse
Found a transporter.
F - a +6 ring of dexterity
Things that are here:
a book of Blood; a book of Callings
Things that are here:
a box of beasts; a phantom mirror You see here a staff of death.
There is a transporter here.
An exit appears before you!
You enter the transporter and appear at another place.
Found the Orb of Zot.
Found a staircase leading out of the dungeon.
Unknown command.
Unknown command.
You see here the Orb of Zot.
You feel more experienced!
Your Conjurations skill increases to level 1!
You have reached level 20!
You feel stronger.
Unknown command.
You see here the Orb of Zot.
There is a staircase leading out of the dungeon here.
You see here the Orb of Zot.
You pick up the Orb of Zot!
The Orb lets out a hideous shriek!
The lords of Pandemonium are not amused.
Beware!
Now all you have to do is get back out of the dungeon!
There is a staircase leading out of the dungeon here.
You have escaped!

..(.).).)...▓..▓.......▓..▓...8©8
............▓.▓▓▓.....▓▓▓.▓..)"|)
...()..(....▓..▓.......▓..▓..=)..
..()).......▓.........≈...▓......
............▓......©.≈≈...▓......
............▓▓▓▓▓▓▓▓▓▓▓▓▓▓▓......
▓.......▓...▓8888888888888▓......
▓▓.....▓▓▓..▓8.§..°......8▓......
▓.......▓...▓8..@.....©..8▓.▓....
............▓8.§°°§......8▓....©.
....©.......▓8888888888888▓▓▓▓▓▓▓
▓▓▓▓▓▓▓▓▓▓▓▓▓▓▓▓▓▓▓▓▓▓▓▓▓▓▓▓▓▓▓▓▓
.....8©8........▓........8©8.}...
|}.)}|[.).):})..▓.[.).|:.))...|}.
[.)†=|.||.[)[)[|▓...().)..(.}).).
..[[.[.†..))...)▓..))....=..)..))
...)).†.........▓..)=)..[....)...


There were no monsters in sight!

Vanquished Creatures
  2 ancient liches (D)
  5 orbs of fire (D)
  A royal mummy (D)
  2 shard shrikes (D)
  6 deep elf blademasters (D)
  2 Ice Fiends (D)
  An acid blob (D)
  2 quicksilver dragons (D)
  7 deep elf master archers (D)
  2 shadow dragons (D)
  2 rockslimes (D)
  2 azure jellies (D)
  5 fire giants (D)
  7 frost giants (D)
  An iron dragon (D)
  5 deep elf sorcerers (D)
  2 balrugs (D)
  7 ghouls (D)
  5 spriggan defenders (D)
  2 reapers (D)
  7 vampire knights (D)
  7 stone giants (D)
  6 deep elf annihilators (D)
  8 blizzard demons (D)
  3 crystal guardians (D)
  7 mummy priests (D)
  4 deep elf high priests (D)
  2 fire dragons (D)
  6 ice dragons (D)
  2 great orbs of eyes (D)
  5 hydras (D)
  A yaktaur captain (D)
  A catoblepas (D)
  A boulder beetle (D)
  A centaur warrior (D)
  8 spriggan air magi (D)
  10 dancing weapons (D)
  A death yak (D)
  6 hell hogs (D)
  4 vampire magi (D)
  6 spriggan berserkers (D)
  12 soul eaters (D)
  An orc high priest (D)
  3 iron golems (D)
  8 deep elf knights (D)
  12 skeletal warriors (D)
  3 spriggan druids (D)
  5 deep elf archers (D)
  6 necromancers (D)
  7 deep elf zephyrmancers (D)
  3 shining eyes (D)
  2 cyclopes (D)
  7 deep elf pyromancers (D)
  An eye of devastation (D)
  4 elephants (D)
  10 cane toads (D)
  2 black mambas (D)
  5 gargoyles (D)
  9 efreet (D)
  14 rime drakes (D)
  A yaktaur (D)
  2 komodo dragons (D)
  18 freezing wraiths (D)
  2 tormentors (D)
  9 ice devils (D)
  6 guardian mummies (D)
  6 polar bears (D)
  2 merfolk (D)
  2 dream sheep (D)
  2 wind drakes (D)
  3 blink frogs (D)
  14 slime creatures (D)
  4 flying skulls (D)
  7 air elementals (D)
  10 shadows (D)
  2 water elementals (D)
  6 fire elementals (D)
  5 yaks (D)
  3 vampires (D)
  A golden eye (D)
  3 basilisks (D)
  3 wyverns (D)
  An ushabti (D)
  2 wraiths (D)
  An acid dragon (D)
  5 hell hounds (D)
  3 floating eyes (D)
  6 water moccasins (D)
  3 orc warriors (D)
  A swamp drake (D)
  4 ice beasts (D)
  4 necrophages (D)
  2 centaurs (D)
  8 earth elementals (D)
  3 wights (D)
  11 jellies (D)
  3 orc priests (D)
  11 mummies (D)
  9 white imps (D)
  An ufetubus (D)
  8 adder zombies (D)
  6 adder skeletons (D)
  3 orcs (D)
  4 bat skeletons (D)
  3 bat zombies (D)
  8 endoplasms (D)
  2 ball python simulacra (D)
  A ball python skeleton (D)
  6 ball python zombies (D)
  2 bat simulacra (D)
  A giant cockroach simulacrum (D)
  4 giant cockroach zombies (D)
  A jackal skeleton (D)
  A jackal zombie (D)
  4 quokka skeletons (D)
  A quokka zombie (D)
  3 spectral giant cockroaches (D)
  3 fire vortices (D)
528 creatures vanquished.

Notes
Turn   | Place    | Note
-------+----------+-------------------------------------------
     0 | D        | mhtbhm the Gargoyle Fighter began the quest for the Orb.
     0 | D        | Reached XP level 1. HP: 14/14 MP: 1/1
     0 | D        | Found a shimmering blue altar of Sif Muna.
     0 | D        | Found a bloodstained altar of Trog.
     0 | D        | Found a sacrificial altar of Ru.
     0 | D        | Found a stormy altar of Qazlal.
     0 | D        | Found an iron altar of Okawaru.
     1 | D        | Found a sparkling altar of Nemelex Xobeh.
     1 | D        | Found a blossoming altar of Fedhas.
     2 | D        | Found the +6 Majin-Bo {vamp, MP+6 Int+6}
     2 | D        | Found the +9 heavy crossbow "Sniper" {vorpal, Acc+∞ SInv}
     2 | D        | Found the +10 dark maul {vorpal}
     2 | D        | Found the +15 Maxwell's patent armour {-Cast -Tele rElec
                  | Will+ rCorr}
     2 | D        | Found the +18 shield of the Gong {rElec rN+ Will+ EV-5}
     2 | D        | Found the +14 obsidian axe {vorpal, Drain Fly SInv}
     2 | D        | Found the +7 great mace "Firestarter" {inner flame, rF++}
     2 | D        | Found the +6 shillelagh "Devastator" {shatter}
     2 | D        | Found the +11 plutonium sword {Contam Stlth-}
     2 | D        | Found the +8 lance "Wyrmbane" {slay drac, rPois rF+ rC+
                  | AC+3}
     2 | D        | Found the +9 sword of Zonguldrok {reap}
     2 | D        | Found the +13 scythe of Curses {drain, Drain}
     2 | D        | Found the +5 sword of Power {vorpal}
     2 | D        | Found the +7 mace of Variability {chain chaos}
     2 | D        | Found the +7 Singing Sword {vorpal, sonic wave}
     2 | D        | Found the +8 storm bow {elec, penet}
     4 | D        | Found an ancient bone altar of Kikubaaqudgha.
     4 | D        | Found a transporter.
     4 | D        | Found a corrupted altar of Lugonu.
     4 | D        | Found a viscous altar of Jiyva.
     4 | D        | Found a burning altar of Makhleb.
     4 | D        | Found a hazy altar of Hepliaklqana.
     4 | D        | Found an opulent altar of Gozag.
    61 | D        | Became a worshipper of Qazlal Stormbringer
    81 | D        | Entered arena 2.
    81 | D        | Noticed a merfolk
    81 | D        | Noticed a merfolk
    81 | D        | Found a transporter.
    93 | D        | Killed a merfolk
    94 | D        | Reached XP level 2. HP: 17/23 MP: 2/2
    94 | D        | Reached XP level 3. HP: 22/28 MP: 3/3
    94 | D        | Reached XP level 4. HP: 25/32 MP: 4/4
    94 | D        | Reached XP level 5. HP: 28/37 MP: 5/5
    96 | D        | Killed a merfolk
    97 | D        | Reached skill level 5 in Polearms
    97 | D        | Reached XP level 6. HP: 35/44 MP: 6/6
   100 | D        | Got Leozxeqy's Grimoire of the Cankerous Rocks
   237 | D        | Entered arena 3.
   237 | D        | Found a transporter.
   240 | D        | Reached * piety under Qazlal
   351 | D        | Entered arena 4.
   351 | D        | Noticed a fire elemental
   351 | D        | Noticed a hell hound
   351 | D        | Noticed a hell hound
   351 | D        | Found a transporter.
   354 | D        | Killed a hell hound
   354 | D        | Reached ** piety under Qazlal
   355 | D        | Reached XP level 7. HP: 50/50 MP: 6/8
   357 | D        | Killed a fire elemental
   358 | D        | Reached skill level 10 in Shields
   360 | D        | Reached skill level 10 in Armour
   367 | D        | Got the amulet "Mudeykud" {Reflect rPois rN+ SH+5}
   384 | D        | Entered arena 5.
   384 | D        | Noticed a deep elf pyromancer
   384 | D        | Noticed a +0 short sword of protection
   384 | D        | Noticed a +3 short sword of venom
   384 | D        | Noticed a deep elf knight
   384 | D        | Found a transporter.
   394 | D        | Killed a deep elf knight
   394 | D        | Reached *** piety under Qazlal
   395 | D        | Reached skill level 5 in Invocations
   395 | D        | Reached skill level 1 in Evocations
   395 | D        | Reached XP level 8. HP: 57/57 MP: 9/12
   396 | D        | Killed a +3 short sword of venom
   397 | D        | Reached skill level 10 in Fighting
   397 | D        | Reached XP level 9. HP: 62/62 MP: 9/14
   401 | D        | Killed a +0 short sword of protection
   404 | D        | Killed a deep elf pyromancer
   486 | D        | Entered arena 6.
   486 | D        | Noticed a deep elf pyromancer
   486 | D        | Noticed a deep elf archer
   486 | D        | Noticed a deep elf zephyrmancer
   486 | D        | Noticed a deep elf zephyrmancer
   486 | D        | Found a transporter.
   489 | D        | Paralysed by an air elemental for 1 turns
   495 | D        | Killed a deep elf archer
   495 | D        | Reached **** piety under Qazlal
   496 | D        | Reached XP level 10. HP: 62/68 MP: 11/16
   503 | D        | Killed a deep elf pyromancer
   509 | D        | Killed a deep elf zephyrmancer
   511 | D        | Killed a deep elf zephyrmancer
   532 | D        | Entered arena 7.
   532 | D        | Paralysed by an air elemental for 1 turns
   536 | D        | Reached ***** piety under Qazlal
   536 | D        | Paralysed by an air elemental for 1 turns
   537 | D        | Reached skill level 10 in Invocations
   546 | D        | Paralysed by an air elemental for 1 turns
   558 | D        | Reached skill level 10 in Polearms
   558 | D        | Found a transporter.
   748 | D        | Entered arena 8.
   748 | D        | Noticed an orc high priest
   748 | D        | Noticed a +2 mace of protection
   748 | D        | Noticed a deep elf pyromancer
   748 | D        | Noticed a deep elf knight
   748 | D        | Noticed a deep elf pyromancer
   748 | D        | Noticed a deep elf pyromancer
   749 | D        | Killed a deep elf knight
   749 | D        | Killed a deep elf pyromancer
   750 | D        | Reached skill level 1 in Dodging
   750 | D        | Reached skill level 15 in Shields
   750 | D        | Reached XP level 11. HP: 66/74 MP: 10/19
   750 | D        | Found a transporter.
   752 | D        | Killed a deep elf pyromancer
   753 | D        | Killed an orc high priest
   755 | D        | Killed a +2 mace of protection
   757 | D        | Killed a deep elf pyromancer
   764 | D        | Got the Grimoire of Summoning and Flight
   838 | D        | Entered arena 9.
   838 | D        | Noticed a cyclops
   838 | D        | Noticed a centaur warrior
   838 | D        | Noticed a cyclops
   838 | D        | Noticed a yaktaur captain
   839 | D        | Identified the +6 morningstar of the Onslaught {freeze,
                  | Will+ Stlth+}
   840 | D        | Killed a yaktaur captain
   840 | D        | Killed a cyclops
   840 | D        | Reached ****** piety under Qazlal
   841 | D        | Killed a cyclops
   843 | D        | Killed a centaur warrior
   846 | D        | Found a transporter.
   853 | D        | Got the Tome of the Frostbite
   887 | D        | Entered arena 10.
   889 | D        | Found a transporter.
   898 | D        | Reached XP level 12. HP: 81/81 MP: 14/21
   930 | D        | Entered arena 11.
   931 | D        | Found a transporter.
   972 | D        | Entered arena 12.
   972 | D        | Noticed a great orb of eyes
   973 | D        | Noticed an azure jelly
   982 | D        | Reached skill level 15 in Armour
   985 | D        | Killed a great orb of eyes
   990 | D        | Killed an azure jelly
   998 | D        | Found a transporter.
  1011 | D        | Got the Grimoire of Curses and the Compass
  1063 | D        | Entered arena 13.
  1063 | D        | Noticed an azure jelly
  1063 | D        | Noticed a rockslime
  1066 | D        | Found a transporter.
  1089 | D        | Killed an azure jelly
  1096 | D        | Killed a rockslime
  1120 | D        | Got the ring of Gozag's Whim {rCorr EV+4 Str-3 Dex+2
                  | Stlth+}
  1184 | D        | Entered arena 14.
  1185 | D        | Noticed a rockslime
  1190 | D        | Reached skill level 5 in Evocations
  1223 | D        | Killed a rockslime
  1226 | D        | Found a transporter.
  1311 | D        | Entered arena 15.
  1311 | D        | Noticed a soul eater
  1311 | D        | Noticed a soul eater
  1312 | D        | Noticed a soul eater
  1312 | D        | Noticed a soul eater
  1312 | D        | Noticed a shadow dragon
  1312 | D        | Noticed a soul eater
  1312 | D        | Noticed a soul eater
  1312 | D        | Noticed a soul eater
  1314 | D        | Killed a soul eater
  1314 | D        | Killed a soul eater
  1314 | D        | Killed a soul eater
  1314 | D        | Killed a soul eater
  1314 | D        | Killed a soul eater
  1315 | D        | Reached XP level 13. HP: 88/88 MP: 15/24
  1316 | D        | Reached skill level 15 in Invocations
  1317 | D        | Found a transporter.
  1317 | D        | Killed a shadow dragon
  1409 | D        | Got the amulet "Soel" {Reflect rElec Slay+3 SH+5}
  1421 | D        | Entered arena 16.
  1422 | D        | Noticed a shadow dragon
  1428 | D        | Found a transporter.
  1452 | D        | Killed a shadow dragon
  1513 | D        | Got Sif Muna's Catalogue of the Damaging Escort
  1524 | D        | Entered arena 17.
  1526 | D        | Noticed a great orb of eyes
  1527 | D        | Noticed an acid blob
  1529 | D        | Killed a great orb of eyes
  1534 | D        | Found a transporter.
  1534 | D        | Killed an acid blob
  1578 | D        | Entered arena 18.
  1580 | D        | Noticed a vampire knight
  1580 | D        | Noticed a vampire knight
  1583 | D        | Killed a vampire knight
  1583 | D        | Identified the +4 hand axe "Vuroix Ane" {protect, Int+4}
  1583 | D        | Identified the ring of Neommi {Wiz rPois rC+}
  1584 | D        | Gained mutation: Your large and strong wings let you fly.
                  | [Gargoyle growth]
  1584 | D        | Reached XP level 14. HP: 95/95 MP: 11/27
  1584 | D        | Noticed an ancient lich
  1585 | D        | Killed a vampire knight
  1590 | D        | Found the necklace of Bloodlust {*Rage +Rage Will++ Int-3
                  | Slay+6}
  1621 | D        | Killed an ancient lich
  1622 | D        | Found a transporter.
  1682 | D        | Got the Collected Works on the Oath and Air
  1855 | D        | Entered arena 19.
  1863 | D        | Found the +8 Wrath of Trog {antimagic, *Rage Rampage}
  1868 | D        | Found a transporter.
  1930 | D        | Entered arena 20.
  1961 | D        | Found a transporter.
  1985 | D        | Got the ring of Lugonu's Favour {rN+ Str-5 Dex+7}
  2021 | D        | Entered arena 21.
  2023 | D        | Noticed a reaper
  2025 | D        | Noticed a shard shrike
  2026 | D        | Noticed a shard shrike
  2026 | D        | Noticed a reaper
  2027 | D        | Killed a shard shrike
  2027 | D        | Killed a shard shrike
  2028 | D        | Reached XP level 15. HP: 90/101 MP: 22/30
  2054 | D        | Found a transporter.
  2063 | D        | Got the Grimoire of Arcane Weapons and the Rocks
  2092 | D        | Entered arena 22.
  2096 | D        | Noticed an iron dragon
  2096 | D        | Noticed a quicksilver dragon
  2097 | D        | Noticed a quicksilver dragon
  2098 | D        | Killed a quicksilver dragon
  2098 | D        | Killed an iron dragon
  2098 | D        | Killed a quicksilver dragon
  2100 | D        | Reached skill level 15 in Fighting
  2101 | D        | Found a transporter.
  2204 | D        | Got the Compendium of Moulding and Clay
  2231 | D        | Got the ring of Equilibrium {rF+ MP+9 Str-3 Slay+2}
  2235 | D        | Got Sif Muna's Almanac of the Earthen Birds
  2315 | D        | Entered arena 23.
  2320 | D        | Identified the +3 long sword of Tenacity {flame, Fly Will+
                  | Dex+3}
  2320 | D        | Noticed a royal mummy
  2324 | D        | Reached skill level 27 in Invocations
  2324 | D        | Reached XP level 16. HP: 18/108 MP: 25/33
  2325 | D        | Identified the amulet "Giexen" {Acrobat Harm rPois rN+
                  | rCorr}
  2328 | D        | Killed a royal mummy
  2333 | D        | Found a transporter.
  2410 | D        | Got the Reference Book on Quantum Curses
  2417 | D        | Got the ring "Terchugonn" {Ice Str+4 Int+5}
  2434 | D        | Got the +3 pair of boots of Fashionability {Int+3}
  2447 | D        | Got the +0 cloak "Kuoph" {rPois}
  2587 | D        | Entered arena 24.
  2591 | D        | Noticed an orb of fire
  2592 | D        | Noticed an orb of fire
  2592 | D        | Identified the +10 rapier "Odeick" {freeze, rC+ Int+4}
  2592 | D        | Noticed an orb of fire
  2593 | D        | Noticed an orb of fire
  2595 | D        | Reached skill level 15 in Polearms
  2595 | D        | Reached skill level 27 in Shields
  2595 | D        | Reached skill level 10 in Evocations
  2595 | D        | Killed an orb of fire
  2595 | D        | Killed an orb of fire
  2595 | D        | Killed an orb of fire
  2595 | D        | Killed an orb of fire
  2595 | D        | Killed an orb of fire
  2596 | D        | Reached XP level 17. HP: 97/124 MP: 19/34
  2598 | D        | Reached skill level 15 in Evocations
  2601 | D        | Identified the ring of Disaster {Drain rPois rF+ rN+++
                  | Slay+2} (You took it off an efreet in the Dungeon)
  2614 | D        | Found the +4 robe of Augmentation {Str+4 Int+4 Dex+4}
  2621 | D        | Found a transporter.
  2633 | D        | Got the ring "Bahigedas" {Drain rPois rN++ rCorr SInv}
  2669 | D        | Got the ring of Biufar {Wiz Str+5}
  2796 | D        | Entered arena 25.
  2803 | D        | Identified the amulet "Vemyuf" {Spirit Int+3 Slay+3 SInv}
  2803 | D        | Identified the +3 flail "Dythric" {pain, *Rage rF+ Will+
                  | Str+4}
  2804 | D        | Identified the amulet "Feiridd" {RegenMP rF+ Will+ Stlth+}
  2805 | D        | Noticed an ancient lich
  2809 | D        | Found a transporter.
  2832 | D        | Reached skill level 5 in Dodging
  2834 | D        | Killed an ancient lich
  2835 | D        | Reached XP level 18. HP: 62/136 MP: 18/35
  2852 | D        | Got the ring of Departure {Wiz Dex+7}
  2893 | D        | Got the ring "Woijih" {rC+ MP+9}
  3056 | D        | Entered arena 26.
  3077 | D        | Identified the amulet "Plog" {Acrobat +Inv Fly}
  3081 | D        | Found a transporter.
  3157 | D        | Got the amulet of the Scarab {rF+++ rC+ Regen+}
  3186 | D        | Entered arena 27.
  3193 | D        | Noticed a deep elf blademaster
  3194 | D        | Noticed a deep elf master archer
  3194 | D        | Noticed a deep elf blademaster
  3194 | D        | Identified the ring "Adairchu" {+Blink Fly rPois Str-4
                  | SInv}
  3194 | D        | Noticed a deep elf blademaster
  3194 | D        | Noticed a deep elf master archer
  3194 | D        | Identified the +5 short sword of Discomfort {vorpal, *Rage
                  | MP+9 Str+2 Dex+3}
  3195 | D        | Paralysed by an air elemental for 1 turns
  3195 | D        | Noticed a deep elf master archer
  3196 | D        | Killed a deep elf master archer
  3196 | D        | Killed a deep elf master archer
  3196 | D        | Killed a deep elf blademaster
  3196 | D        | Killed a deep elf blademaster
  3196 | D        | Killed a deep elf blademaster
  3196 | D        | Killed a deep elf master archer
  3196 | D        | Killed a deep elf master archer
  3197 | D        | Reached XP level 19. HP: 146/148 MP: 28/36
  3198 | D        | Identified the +5 scale mail of Beyond {-Tele rElec Int+3}
  3198 | D        | Identified the ring "Sizoynt" {Drain rCorr Int+2 Dex+3
                  | SInv}
  3200 | D        | Reached skill level 27 in Armour
  3201 | D        | Reached skill level 27 in Fighting
  3201 | D        | Reached skill level 5 in Stealth
  3202 | D        | Found a transporter.
  3208 | D        | Got the Almanac of Orientation and the Glacier
  3212 | D        | Got the Catalogue of Orientation and Darkness
  3229 | D        | Got the ring "Viodot" {+Blink rN+ Int+4 SInv}
  3307 | D        | Entered arena 28.
  3316 | D        | Noticed an Ice Fiend
  3316 | D        | Noticed an Ice Fiend
  3320 | D        | Killed an Ice Fiend
  3324 | D        | Killed an Ice Fiend
  3335 | D        | Found a transporter.
  3350 | D        | Reached skill level 1 in Conjurations
  3350 | D        | Reached XP level 20. HP: 97/157 MP: 15/37
  3358 | D        | Got the Orb of Zot
  3363 | D        | Escaped with the Orb!

Illustrated notes

Levels and vault maps discovered:
D:        sprint_v [room_start, room_1, room_2, room_3, room_4, room_5, room_6,
          room_7, room_8, room_9, room_10, room_11, room_12, room_13, room_14,
          room_15, room_16, room_17, room_18, room_19, room_20, room_21,
          room_22, room_23, room_24, room_25, room_26, room_27]

Skill      XL: |  1  2  3  4  5  6  7  8  9 10 11 12 13 14 15 16 17 18 19 |
---------------+----------------------------------------------------------+-----
Fighting       | 6 8 9 10 11 12 13 14 15 20 22 26 27 | 27.0
Polearms       | 4 5 7 9 10 11 13 14 17 18 20 23 | 23.5
Armour         | 7 9 10 11 12 13 14 15 17 18 21 23 26 27 | 27.0
Shields        | 8 9 11 12 13 15 17 20 22 24 25 27 | 27.0
Invocations    | 2 5 6 8 10 12 14 18 23 27 | 27.0
Evocations     | 1 2 3 4 5 6 7 8 14 17 21 25 | 25.8
Dodging        | 1 2 3 4 5 7 9 |  9.8
Stealth        | 3 6 |  6.9
Conjurations   | 1 |  1.1
Short Blades   | |  0.2
Long Blades    | |  0.4
Axes           | |  0.8
Maces & Flails | |  0.3
Staves         | |  0.6
Slings         | |  0.4
Bows           | |  0.5
Crossbows      | |  0.5
Throwing       | |  0.4
Unarmed Combat | |  0.3
Spellcasting   | |  0.2
Hexes          | |  0.2
Summonings     | |  0.4
Necromancy     | |  0.3
Translocations | |  0.2
Transmutations | |  0.2
Fire Magic     | |  0.7
Ice Magic      | |  0.3
Air Magic      | |  0.2
Earth Magic    | |  0.4
Poison Magic   | |  0.3

Action                   |  1- 3 |  4- 6 |  7- 9 | 10-12 | 13-15 | 16-18 | 19-21 || total
-------------------------+-------+-------+-------+-------+-------+-------+-------++-------
Melee: Lance             |     9 |     9 |    30 |   160 |   145 |    42 |     4 ||   399
Invok: Upheaval          |       |       |     1 |       |       |       |       ||     1
       Disaster Area     |       |       |       |     4 |    15 |    11 |     5 ||    35
Evoke: Wand              |       |     3 |     1 |       |     1 |     1 |       ||     6
       Condenser vane    |       |       |       |     6 |     9 |     4 |     3 ||    22
       Tin of tremorston |       |       |       |     3 |       |     2 |       ||     5
  Use: Potion            |     2 |       |     1 |     3 |       |     2 |     1 ||     9
Armor: Plate armour      |     7 |     6 |    11 |    56 |    36 |    22 |     1 ||   139
Dodge: Dodged            |       |     1 |     2 |     9 |     2 |       |     4 ||    18
Block: Kite shield       |    11 |    16 |    38 |   169 |   122 |    30 |     4 ||   390
       Reflection        |       |       |       |    13 |     6 |       |     4 ||    23

Table legend: (Time is in decaauts)
 A = Elapsed time spent in this place.
 B = Non-inter-level travel time spent in this place.
 C = Inter-level travel time spent in this place.
 D = Time resting spent in this place.
 E = Time spent auto-exploring this place.
 F = Levels seen in this place.
 G = Mean time per level.
                   A        B        C        D        E       F      G
               +--------+--------+--------+--------+--------+-----+--------+
         Total |   3227 |   3227 |      0 |   1569 |      0 |   1 | 3227.0 |
       Dungeon |   3227 |   3227 |      0 |   1569 |      0 |   1 | 3227.0 |
               +--------+--------+--------+--------+--------+-----+--------+

Top non-repeatable levels by time:
       D: 3227 daAuts
